 Dungeon Crawl Stone Soup version 0.20-a0-920-gb18bc0f (webtiles) character file.

102 Goblin1989 the Insei (level 5, -3/31 HPs)
             Began as a Kobold Gladiator on Mar 25, 2017.
             Killed from afar by Natasha (9 damage)
             ... with a magic dart
             ... on level 2 of the Dungeon.
             The game lasted 00:03:40 (2506 turns).

Goblin1989 the Insei (Kobold Gladiator)             Turns: 2506, Time: 00:03:42

Health: -3/31      AC:  8    Str: 12    XL:     5   Next: 5%
Magic:  5/5        EV: 13    Int:  9    God:
Gold:   102        SH:  0    Dex: 17    Spells: 4/4 levels left

rFire    . . .     SeeInvis .     - Unarmed
rCold    . . .     Gourm    .   (shield restricted)
rNeg     . . .     Faith    .   a - +0 scale mail
rPois    .         Spirit   .   b - +0 helmet
rElec    .         Reflect  .   (no cloak)
rCorr    .         Harm     .   (no gloves)
MR       .....                  n - +0 pair of boots
Stlth    ..........             (no amulet)
Regen    0.1/turn               (no ring)
MPRegen  0.1/turn               (no ring)

@: no status effects
A: carnivore 3
a: no special abilities


You were on level 2 of the Dungeon.
You were very full.

You visited 1 branch of the dungeon, and saw 2 of its levels.

You collected 102 gold pieces.

Inventory:

Missiles
 Z - 3 throwing nets {!d, =f}
Armour
 a - a +0 scale mail (worn)
 b - a +0 helmet (worn)
 m - a +0 chain mail
 n - a +0 pair of boots (worn)
Scrolls
 j - a scroll of identify {unknown}
 l - a scroll of magic mapping {unknown}
 o - a scroll of fog {unknown}
 p - a scroll of enchant weapon {unknown}
Potions
 c - a potion of might {unknown}
 e - a potion of haste {unknown}
 g - 3 potions of lignification {unknown}
 h - a potion of mutation {unknown}
 i - a potion of magic {unknown}
 k - a potion of flight {unknown}
Comestibles
 d - 3 meat rations {@e2}


   Skills:
 + Level 2.3 Fighting
 - Level 2.1 Throwing
 + Level 0.2 Armour
 + Level 3.9 Dodging
 * Level 5.0 Unarmed Combat


You had 4 spell levels left.
You didn't know any spells.

Dungeon Overview and Level Annotations

Branches:
Dungeon (2/15)

Altars:

Annotations:
D:2 Natasha


Innate Abilities, Weirdness & Mutations

You are small and have problems with some larger weapons.
You are carnivorous and can eat meat at any time.


Message History

Natasha closely misses you.
You take 9 damage, and have 4/26 hp.
MASSIVE DAMAGE!!
You closely miss Natasha.
Natasha is lightly wounded.
The white imp closely misses you. Natasha closely misses you.
Unknown command.
You hit Natasha.
Natasha is moderately wounded.
The white imp hits you but does no damage.
Natasha misses you.
The white imp hits you but does no damage.
Natasha claws you but does no damage.
Unknown command.
You hit Natasha.
Natasha is severely wounded.
The white imp barely misses you. Natasha claws you.
* * * LOW HITPOINT WARNING * * *
You take 2 damage, and have 2/26 hp.
Unknown command.
You punch Natasha!
You kill Natasha!
Natasha screams in fury as she dies!
The white imp disappears in a puff of smoke!
Your Unarmed Combat skill increases to level 5!
You have reached level 5!
You feel agile.
MP restored: 5 You feel yourself speed up.
All of the chunks of flesh in your inventory have rotted away.
You see here 12 stones.
There is a stone staircase leading up here.
You regained 3 hp, and now have 6/31 hp.
You start resting.
Natasha, Servant of Life and Death comes into view.
You regained 22 hp, and now have 28/31 hp.
Natasha hisses angrily.
Natasha casts a spell at you. The magic dart hits you!
You take 8 damage, and have 20/31 hp.
MASSIVE DAMAGE!!
Natasha claws you.
You take 3 damage, and have 17/31 hp.
You are too injured to fight recklessly!
You are too injured to fight recklessly!
You are too injured to fight recklessly!
You are too injured to fight recklessly!
You are too injured to fight recklessly!
You are too injured to fight recklessly!
You are too injured to fight recklessly!
You are too injured to fight recklessly!
You are too injured to fight recklessly!
You are too injured to fight recklessly!
You are too injured to fight recklessly!
You are too injured to fight recklessly!
You are too injured to fight recklessly!
You are too injured to fight recklessly!
You are too injured to fight recklessly!
You are too injured to fight recklessly!
You are too injured to fight recklessly!
You are too injured to fight recklessly!
You are too injured to fight recklessly!
You are too injured to fight recklessly!
You are too injured to fight recklessly!
You are too injured to fight recklessly!
You are too injured to fight recklessly!
You are too injured to fight recklessly!
You are too injured to fight recklessly!
You are too injured to fight recklessly!
You are too injured to fight recklessly!
You barely miss Natasha.
Natasha mumbles some strange words.
You closely miss Natasha.
Natasha mumbles some strange words.
You closely miss Natasha.
The crimson imp hits you but does no damage.
Natasha claws you but does no damage.
You hit Natasha. You punch Natasha.
Natasha is moderately wounded.
The crimson imp hits you. Natasha misses you.
You take 1 damage, and have 16/31 hp.
You closely miss Natasha.
Natasha is moderately wounded.
The crimson imp misses you. Natasha misses you.
You hit Natasha but do no damage.
Natasha is moderately wounded.
The crimson imp closely misses you.
Natasha casts a spell.
You hit Natasha.
Natasha is moderately wounded.
The crimson imp blinks!
The iron imp grins evilly.
The iron imp hits you. Natasha claws you.
* * * LOW HITPOINT WARNING * * *
You take 6 damage, and have 11/31 hp.
You hit Natasha but do no damage.
Natasha is moderately wounded.
The iron imp completely misses you. The iron imp hits you.
* * * LOW HITPOINT WARNING * * *
Natasha casts a spell at you. The magic dart hits you!
You die...

█...█ █.█.......█ █.█ █.█ █...█
█.████.██.█ █.█ █.███
███...██████.████.██.█ █.█ █....
..█................█.█ █.█ █..██
...................█.█ █.████..█.
..............5......█ █.█.....█.
........(.........█..█ █.█.....█.
...............h5.█..█ █.█.....█.
.........(......@§█..█ █.█.....█.
........█████████5█..█ █.█.....█.
........█ █.██.█ █.█.....█.
........█ █.██.█ █.█..)..█(
........█████████<██.█ █.█....)█.
................████.███.█.....██
...████████████.█.............((.
............█ █.████.█.█.█...████
............███.████.█.█.█...█


You could see 2 iron imps, Natasha and a crimson imp.

Vanquished Creatures
  Natasha (D:2)
  An adder (D:2)
  2 oozes
  A worm (D:2)
  A dart slug (D:1)
  3 leopard geckos
  4 bats (D:1)
  2 giant cockroaches (D:1)
  6 goblins
  6 hobgoblins
  5 jackals
  2 frilled lizards (D:2)
  9 kobolds
  6 rats
49 creatures vanquished.

Notes
Turn   | Place    | Note
-------+----------+-------------------------------------------
     0 | D:1      | Goblin1989 the Kobold Gladiator began the quest for the Orb.
     0 | D:1      | Reached XP level 1. HP: 12/12 MP: 1/1
   105 | D:1      | Reached XP level 2. HP: 14/17 MP: 2/2
   675 | D:1      | Reached skill level 4 in Unarmed Combat
   675 | D:1      | Reached XP level 3. HP: 19/21 MP: 3/3
  1481 | D:2      | Reached XP level 4. HP: 26/26 MP: 4/4
  2232 | D:2      | Noticed Natasha
  2248 | D:2      | Killed Natasha
  2248 | D:2      | Reached skill level 5 in Unarmed Combat
  2248 | D:2      | Reached XP level 5. HP: 2/31 MP: 5/5
  2495 | D:2      | Noticed Natasha
  2506 | D:2      | Killed from afar by Natasha

Vault maps used:
D:1:      dpeg_arrival_tiny_a
D:2:      first_bread, uniq_natasha

Skill      XL: |  1  2  3  4 |
---------------+-------------+-----
Unarmed Combat | 4 5 |  5.0
Fighting       | |  2.3
Throwing       | |  2.1
Armour         | |  0.2
Dodging        | |  3.9

Action                   |  1- 3 |  4- 6 || total
-------------------------+-------+-------++-------
Melee: Unarmed           |   160 |    69 ||   229
       Punch             |       |     2 ||     2
 Stab: Distracted        |     1 |       ||     1
  Eat: Chunk             |    10 |     3 ||    13
Armor: Leather armour    |    35 |     7 ||    42
       Scale mail        |       |    10 ||    10
       Chain mail        |       |     2 ||     2
Dodge: Dodged            |   159 |    41 ||   200

Vault maps used:
D:1:      dpeg_arrival_tiny_a
D:2:      first_bread, uniq_natasha
